[Event "Titled Tuesday Blitz November 08 Late 2022"]
[White "Kim, Sergey"]
[Black "Papayan, Oleg"]
[WhiteFideId "13700570"]
[BlackFideId "4193911"]
[WhiteElo "2583"]
[BlackElo "2153"]
[Result "1-0"]
[Round "10"]
[TimeControl "180+1"]
[Date "2022.11.09"]
[WhiteClock "0:00:47"]
[BlackClock "0:00:01"]

1. d4 Nf6 2. c4 e6 3. Nc3 Bb4 4. Qc2 O-O 5. a3 Bxc3+ 6. Qxc3 d5 7. Nf3 b6 8. g3 dxc4 9. Qxc4 Bb7 10. Bg2 Nbd7 11. O-O c5 12. Rd1 Qe7 13. Bf4 Rac8 14. Rac1 cxd4 15. Qxd4 Rxc1 16. Rxc1 Bxf3 17. Bd6 Qe8 18. exf3 e5 19. Qd2 Nc5 20. Qd1 a5 21. Bxf8 Qxf8 22. Qe2 a4 23. Rd1 Qe7 24. f4 e4 25. h3 h5 26. Qe3 Qe6 27. Qd4 Qb3 28. Rd2 Qa2 29. Kh2 Qb1 30. Qc3 Nd3 31. Qc2 Qe1 32. Re2 Qa5 33. Qc8+ Kh7 34. Qf5+ Kg8 35. Bxe4 Nxe4 36. Qxe4 Nc5 37. Qe8+ Kh7 38. Qxf7 Kh6 39. Re8 Qd2 40. Rh8# 1-0


[Site "https://www.chess.com"]

[Event "Titled Tuesday Blitz November 08 Late 2022"]
[White "Kobo, Ori"]
[Black "Sebag, Marie"]
[WhiteFideId "2812320"]
[BlackFideId "617822"]
[WhiteElo "2447"]
[BlackElo "2440"]
[Result "1-0"]
[Round "10"]
[TimeControl "180+1"]
[Date "2022.11.08"]
[WhiteClock "0:00:05"]
[BlackClock "0:00:02"]

1. e4 c5 2. Nc3 Nc6 3. Bb5 Nd4 4. Nf3 Nxb5 5. Nxb5 a6 6. Nc3 d6 7. d4 cxd4 8. Qxd4 e5 9. Qb4 h6 10. Be3 Nf6 11. O-O-O Qd7 12. Bb6 Be7 13. Nxe5 Qe6 14. Qa4+ Nd7 15. Nxd7 Bxd7 16. Qb3 O-O 17. f3 Bc6 18. Nd5 Bxd5 19. Qxd5 Rac8 20. c3 Rc6 21. Be3 Rfc8 22. Kb1 b5 23. a3 Bf6 24. Rd3 Qe7 25. Rhd1 Qb7 26. Qf5 a5 27. Rxd6 b4 28. Rxc6 Qxc6 29. Qd5 Qa4 30. cxb4 axb4 31. Rc1 Ra8 32. Qc6 Qa5 33. Qc5 Qa4 34. Qc6 bxa3 35. Qxa4 Rxa4 36. bxa3 Rxa3 37. Bf4 Ra1+ 38. Kc2 Ra2+ 39. Kd3 Rxg2 40. Bg3 Bg5 41. Rc8+ Kh7 42. Rc7 Kg6 43. f4 Bf6 44. e5 Bd8 45. Rd7 Ba5 46. Ke4 Re2+ 47. Kf3 Ra2 48. Rd6+ Kh7 49. Rd7 Kg8 50. Kg4 Ra4 51. h4 g6 52. Rd5 1-0


[Site "https://www.chess.com"]

[Event "Titled Tuesday Blitz November 08 Late 2022"]
[White "Kopacz, Grzegorz"]
[Black "Melikhov, Evgeny V."]
[WhiteFideId "1109880"]
[BlackFideId "4122046"]
[WhiteElo "2037"]
[BlackElo "2169"]
[Result "0-1"]
[Round "10"]
[TimeControl "180+1"]
[Date "2022.11.09"]
[WhiteClock "0:00:03"]
[BlackClock "0:00:08"]

1. d4 Nf6 2. c4 e6 3. Nc3 Bb4 4. Qc2 c5 5. e3 cxd4 6. exd4 d5 7. cxd5 Qxd5 8. Nf3 Nc6 9. a3 Bxc3+ 10. bxc3 O-O 11. Bd3 h6 12. O-O b6 13. Bf4 Na5 14. Be5 Bb7 15. Rfe1 Qb3 16. Qxb3 Nxb3 17. Rab1 Na5 18. Bd6 Rfc8 19. Bb4 Nc4 20. Bxc4 Rxc4 21. Ne5 Rcc8 22. c4 Ba6 23. c5 Nd5 24. Rec1 Rc7 25. c6 f6 26. Nf3 Rac8 27. Bd6 Rxc6 28. Rxc6 Rxc6 29. Bg3 Kf7 30. h4 Nc3 31. Re1 Ne2+ 32. Kh2 Nxg3 33. Kxg3 Rc3 34. a4 Bb7 35. a5 b5 36. Ra1 a6 37. Re1 Bd5 38. h5 Ra3 39. Kg4 Bxf3+ 40. gxf3 Ra4 41. Rd1 Rxa5 42. f4 b4 43. f5 exf5+ 44. Kf4 Rb5 45. Rb1 b3 46. d5 b2 47. Kxf5 a5 0-1


[Site "https://www.chess.com"]

[Event "Titled Tuesday Blitz November 08 Late 2022"]
[White "Korchmar, Vasiliy"]
[Black "Mikhalsky, Vladimir"]
[WhiteFideId "24131750"]
[BlackFideId "14144352"]
[WhiteElo "2370"]
[BlackElo "2271"]
[Result "0-1"]
[Round "10"]
[TimeControl "180+1"]
[Date "2022.11.08"]
[WhiteClock "0:00:01"]
[BlackClock "0:00:47"]

1. e4 g6 2. d4 Bg7 3. Nc3 d6 4. f4 Nf6 5. Nf3 c5 6. Bb5+ Bd7 7. e5 Nh5 8. g4 cxd4 9. Nxd4 Nxf4 10. Bxf4 dxe5 11. Ne6 fxe6 12. Be3 Nc6 13. O-O Nd4 14. Bxd7+ Qxd7 15. Ne4 Qc6 16. Ng5 h6 17. Bxd4 exd4 18. Nf3 e5 19. Qe2 e4 20. Nd2 e3 21. Nf3 O-O 22. Rad1 e5 23. c3 Rad8 24. cxd4 exd4 25. Rd3 Qe4 26. h3 Bf6 27. Rfd1 Kg7 28. Qg2 e2 29. R1d2 e1=Q+ 30. Nxe1 Qxe1+ 31. Kh2 Be5+ 0-1


[Site "https://www.chess.com"]

[Event "Titled Tuesday Blitz November 08 Late 2022"]
[White "Korkmaz, Necmettin"]
[Black "Tokhirjonova, Gulrukhbegim"]
[WhiteFideId "6303285"]
[BlackFideId "14203626"]
[WhiteElo "2094"]
[BlackElo "2236"]
[Result "0-1"]
[Round "10"]
[TimeControl "180+1"]
[Date "2022.11.09"]
[WhiteClock "0:00:51"]
[BlackClock "0:00:48"]

1. e4 e5 2. Nf3 Nc6 3. Bc4 Nf6 4. d4 exd4 5. O-O Bc5 6. e5 d5 7. exf6 dxc4 8. Re1+ Be6 9. Ng5 Qd5 10. Nc3 Qf5 11. g4 Qxf6 12. Nd5 Qd8 13. Rxe6+ fxe6 14. Nxe6 Qd7 15. Nexc7+ Kd8 16. Bg5+ Kc8 17. Qf3 Rb8 18. Re1 Bd6 19. Ne6 Re8 20. Qe2 Bxh2+ 21. Kxh2 Qxd5 22. Bf4 Kd7 23. Bxb8 Rxe6 24. Qxe6+ Qxe6 25. Rxe6 Kxe6 26. Bf4 Nb4 27. c3 dxc3 28. bxc3 Nxa2 29. Bd2 b5 30. Kg3 b4 31. cxb4 c3 32. Be3 c2 33. b5 c1=Q 34. Bxc1 Nxc1 35. Kf4 Ne2+ 36. Ke3 Nc3 37. b6 axb6 38. f4 Nd5+ 39. Ke4 Nxf4 40. Kxf4 Kf6 0-1


[Site "https://www.chess.com"]

[Event "Titled Tuesday Blitz November 08 Late 2022"]
[White "Kosakowski, Jakub"]
[Black "Kleiman, Jake"]
[WhiteFideId "1185080"]
[BlackFideId "2020041"]
[WhiteElo "2463"]
[BlackElo "2531"]
[Result "0-1"]
[Round "10"]
[TimeControl "180+1"]
[Date "2022.11.08"]
[WhiteClock "0:00:35"]
[BlackClock "0:01:14"]

1. Nf3 Nf6 2. c4 e6 3. g3 d5 4. Bg2 dxc4 5. Qa4+ c6 6. Qxc4 b5 7. Qb3 Bb7 8. O-O a6 9. d4 Nbd7 10. Bg5 Rc8 11. Rc1 Be7 12. Nbd2 O-O 13. a4 Qb6 14. e4 h6 15. Bxf6 Nxf6 16. Nc4 Qd8 17. Ncd2 Qb6 18. Nc4 Qc7 19. Ncd2 Qb8 20. Ne5 Rfd8 21. Ndf3 c5 22. dxc5 Bxe4 23. axb5 Bxc5 24. Rxa6 Bxf2+ 25. Kxf2 Rxc1 26. b6 Rc2+ 27. Kf1 Rd1+ 28. Ne1 Bxg2+ 29. Kg1 Rxe1# 0-1


[Site "https://www.chess.com"]

[Event "Titled Tuesday Blitz November 08 Late 2022"]
[White "Kovacevic, Radmila"]
[Black "Hoffmann, Asa"]
[WhiteFideId "933171"]
[BlackFideId "2001470"]
[WhiteElo "2208"]
[BlackElo "2117"]
[Result "1-0"]
[Round "10"]
[TimeControl "180+1"]
[Date "2022.11.09"]
[WhiteClock "0:00:13"]
[BlackClock "0:00:17"]

1. e4 d6 2. d4 Nf6 3. Nc3 c6 4. f3 Nbd7 5. Bc4 d5 6. Bb3 e6 7. e5 Ng8 8. Be3 c5 9. Ba4 a6 10. dxc5 Ne7 11. b4 Nc6 12. Bxc6 bxc6 13. f4 a5 14. a3 Ba6 15. Nf3 Be7 16. Nd4 Qc8 17. Qg4 g6 18. Kf2 h5 19. Qg3 Bc4 20. h4 Qb7 21. Rhb1 axb4 22. axb4 Rxa1 23. Rxa1 Kf8 24. b5 Nxc5 25. Nxc6 Ne4+ 26. Nxe4 dxe4 27. Nxe7 Qxe7 28. Ra8+ Kg7 29. Rxh8 Kxh8 30. b6 Qd7 31. Qg5 Qd1 32. b7 Qe2+ 33. Kg3 Qxe3+ 34. Kh2 Qb6 35. Qe7 Kg7 36. Qf6+ Kg8 37. Qe7 Bb5 38. f5 gxf5 39. Qg5+ Kf8 40. Qh6+ Ke8 41. Qh8+ Kd7 42. Qxh5 Qxb7 43. Qxf7+ Kc6 44. Qxe6+ Kc5 45. Qxf5 Qd5 46. h5 Bd7 47. Qf2+ Qd4 48. Qxd4+ Kxd4 49. h6 Bf5 50. e6 e3 51. e7 Bg6 52. h7 e2 53. h8=Q+ Ke3 54. Qe5+ Kd2 55. e8=Q Bxe8 56. Qxe8 e1=Q 57. Qxe1+ Kxe1 58. c4 1-0


[Site "https://www.chess.com"]

[Event "Titled Tuesday Blitz November 08 Late 2022"]
[White "Krishnan, Varun"]
[Black "Guha, Eshan"]
[WhiteFideId "5054508"]
[BlackFideId "30958628"]
[WhiteElo "2537"]
[BlackElo "2387"]
[Result "1-0"]
[Round "10"]
[TimeControl "180+1"]
[Date "2022.11.09"]
[WhiteClock "0:00:56"]
[BlackClock "0:00:09"]

1. d4 Nf6 2. c4 c5 3. Nf3 cxd4 4. Nxd4 e5 5. Nb5 d5 6. cxd5 Bb4+ 7. Bd2 Bc5 8. e4 Nxe4 9. Qa4 Bxf2+ 10. Kd1 Nc5 11. Qa3 O-O 12. d6 Bg4+ 13. Be2 Bxe2+ 14. Kxe2 Qh4 15. Nc7 Qe4+ 16. Kxf2 Nd3+ 17. Kf1 Qd4 18. Ke2 Qe4+ 19. Kf1 Qd4 20. Ke2 Qe4+ 21. Kd1 Nf2+ 22. Kc1 Nxh1 23. Nxa8 Na6 24. Nc7 Rc8 25. Nc3 Qxg2 26. d7 Rd8 27. Qe7 Qf1+ 28. Nd1 Qf5 29. Qxd8# 1-0


[Site "https://www.chess.com"]

[Event "Titled Tuesday Blitz November 08 Late 2022"]
[White "Kumala, Aleksander"]
[Black "Romanchuk, Viktor"]
[WhiteFideId "1141880"]
[BlackFideId "14109271"]
[WhiteElo "2269"]
[BlackElo "2242"]
[Result "0-1"]
[Round "10"]
[TimeControl "180+1"]
[Date "2022.11.09"]
[WhiteClock "0:00:01"]
[BlackClock "0:00:14"]

1. d4 d5 2. Bg5 f6 3. Bd2 c5 4. dxc5 e5 5. e4 Bxc5 6. exd5 Qxd5 7. Nc3 Qd4 8. Qe2 Nc6 9. Nf3 Qg4 10. h3 Qh5 11. O-O-O Nge7 12. Nb5 Rb8 13. Qc4 Bxf2 14. g4 Bxg4 15. hxg4 Qxh1 16. Be2 Qg2 17. Nc7+ Kd7 18. Nb5 Ke8 19. Bh6 Bd4 20. Bxg7 Rg8 21. Bxf6 Rxg4 22. Nfxd4 Rxd4 23. Nxd4 exd4 24. Bh5+ Kd7 25. Rxd4+ Nxd4 26. Qxd4+ Kc6 27. Bxe7 Qh1+ 28. Bd1 Qd5 29. Qa4+ Kc7 30. Bb4 Rd8 0-1


[Site "https://www.chess.com"]

[Event "Titled Tuesday Blitz November 08 Late 2022"]
[White "Kuzmicz, Krystian"]
[Black "Mazurkiewicz, Michal"]
[WhiteFideId "1119125"]
[BlackFideId "1124943"]
[WhiteElo "2380"]
[BlackElo "2063"]
[Result "0-1"]
[Round "10"]
[TimeControl "180+1"]
[Date "2022.11.08"]
[WhiteClock "0:00:22"]
[BlackClock "0:00:12"]

1. e4 d6 2. g3 Nf6 3. Bg2 g6 4. d3 Bg7 5. f4 O-O 6. Nf3 c5 7. O-O Nc6 8. Nc3 Nd4 9. h3 e6 10. g4 Rb8 11. Nxd4 cxd4 12. Ne2 Nd7 13. f5 Qh4 14. Bd2 Bh6 15. Be1 Be3+ 16. Kh1 Qh6 17. Bg3 Ne5 18. Nf4 exf5 19. exf5 gxf5 20. gxf5 Bxf5 21. Nh5 Bg6 22. Nf6+ Kh8 23. Bxe5 dxe5 24. Nd7 Bh5 25. Qe1 Bg4 26. Rf6 Qh5 27. Nxb8 Bxh3 28. Qg3 Bxg2+ 29. Kxg2 Rg8 30. Qxg8+ Kxg8 31. Raf1 Qg5+ 32. Kh1 Qh4+ 33. Kg2 Qg4+ 34. Kh2 Qh4+ 35. Kg2 Bf4 36. R6xf4 exf4 37. Kf3 Qh3+ 38. Ke2 Qc8 0-1


[Site "https://www.chess.com"]

[Event "Titled Tuesday Blitz November 08 Late 2022"]
[White "Ladan, Nicholas"]
[Black "Al-Tarboush, Ward"]
[WhiteFideId "30918855"]
[BlackFideId "7601450"]
[WhiteElo "2167"]
[BlackElo "2273"]
[Result "1-0"]
[Round "10"]
[TimeControl "180+1"]
[Date "2022.11.09"]
[WhiteClock "0:00:08"]
[BlackClock "0:00:05"]

1. b3 e5 2. Bb2 Nc6 3. c4 Nf6 4. e3 Be7 5. d4 exd4 6. exd4 d5 7. Nf3 O-O 8. Be2 Bg4 9. Nbd2 Re8 10. O-O Ne4 11. Nxe4 dxe4 12. Ne5 Nxe5 13. Bxg4 Nxg4 14. Qxg4 Bf6 15. Rad1 Qd6 16. Rfe1 Qe6 17. Qxe6 Rxe6 18. d5 Re7 19. Bxf6 gxf6 20. d6 cxd6 21. Rxd6 f5 22. g3 Kh8 23. Rd5 f4 24. gxf4 Rg8+ 25. Rg5 f5 26. Rd1 Rxg5+ 27. fxg5 Kg7 28. Kg2 Kg6 29. h4 f4 30. Rd6+ Kf5 31. f3 e3 32. Rd5+ Kg6 33. Kf1 Kh5 34. Rf5 Kxh4 35. Rxf4+ Kxg5 36. Rg4+ Kf5 37. Ke2 h5 38. Rh4 Kg5 39. Rd4 h4 40. Rd8 Kf4 41. Rg8 Rh7 42. Rg4+ Kf5 43. Kxe3 h3 44. Rg1 h2 45. Rh1 Ke5 46. Kf2 Kf4 47. Kg2 Rg7+ 48. Kxh2 Kxf3 49. Rf1+ Ke2 50. Rf5 Kd3 51. Ra5 a6 52. c5 Rc7 53. b4 Kc4 54. a3 Rc6 55. Kg3 Rf6 56. Kg4 Kd4 57. Kg5 Rc6 58. Kf5 Kd5 59. Kf4 Kd4 60. Ra4 Kc4 61. Ke5 Kb5 62. Ra5+ Kc4 63. Ke4 Kb3 64. Kd5 Rh6 65. Kd4 Rc6 66. Ke5 Rh6 67. Kd5 Rg6 68. b5 axb5 69. Rxb5+ Kxa3 70. Rxb7 Rg5+ 71. Kd6 Rg6+ 72. Kd7 Rg7+ 73. Kc6 Rg6+ 74. Kb5 Rg1 75. c6 Rb1+ 76. Ka6 Rc1 77. Rb6 Ka4 78. Kb7 Ka5 79. c7 Rc2 80. Rb3 1-0


[Site "https://www.chess.com"]

[Event "Titled Tuesday Blitz November 08 Late 2022"]
[White "Leitao, Rafael"]
[Black "Lopez Martinez, Josep Manuel"]
[WhiteFideId "2101246"]
[BlackFideId "2212943"]
[WhiteElo "2609"]
[BlackElo "2471"]
[Result "0-1"]
[Round "10"]
[TimeControl "180+1"]
[Date "2022.11.09"]
[WhiteClock "0:00:19"]
[BlackClock "0:01:38"]

1. c4 e5 2. Nc3 Nc6 3. Nf3 f5 4. d4 e4 5. Ng5 Nf6 6. Nh3 Bb4 7. e3 O-O 8. Nf4 Bxc3+ 9. bxc3 d6 10. h4 Na5 11. Be2 b6 12. c5 dxc5 13. O-O c4 14. Ba3 Re8 15. Bb4 Nd5 16. Bxa5 Nxf4 17. exf4 bxa5 18. Bxc4+ Be6 19. Bxe6+ Rxe6 20. Qb3 Qe7 21. Rfe1 Kh8 22. Re3 Rd8 23. g3 Rg6 24. Rd1 Qxh4 25. Qf7 Qh3 26. Qxc7 Rg8 0-1


[Site "https://www.chess.com"]

[Event "Titled Tuesday Blitz November 08 Late 2022"]
[White "Leiva, Gianmarco"]
[Black "Hansen, Eric"]
[WhiteFideId "3804399"]
[BlackFideId "2606771"]
[WhiteElo "2286"]
[BlackElo "2568"]
[Result "0-1"]
[Round "10"]
[TimeControl "180+1"]
[Date "2022.11.08"]
[WhiteClock "0:00:01"]
[BlackClock "0:00:40"]

1. e4 c5 2. Nf3 e6 3. d3 Nc6 4. g3 d5 5. Nbd2 Bd6 6. Bg2 Nge7 7. O-O O-O 8. c3 b5 9. Re1 Rb8 10. e5 Bc7 11. Nb3 c4 12. Nc5 Bb6 13. Be3 Nf5 14. Bg5 Qc7 15. b4 cxb3 16. Nxb3 h6 17. Bf4 a5 18. Qd2 a4 19. Nc1 b4 20. cxb4 Nxb4 21. Ne2 Qc2 22. Red1 Ba6 23. Qxc2 Nxc2 24. Rab1 a3 25. Bf1 g5 26. Bc1 Rfc8 27. g4 Ne7 28. h4 gxh4 29. Bxh6 Ng6 30. Bg5 Bxd3 31. Rxd3 Bxf2+ 32. Kxf2 Rxb1 33. Nxh4 Nxe5 34. Rb3 0-1


[Site "https://www.chess.com"]

[Event "Titled Tuesday Blitz November 08 Late 2022"]
[White "Makaraci, Tunahan"]
[Black "Martinez Reyes, Pedro Ramon"]
[WhiteFideId "6356559"]
[BlackFideId "3901807"]
[WhiteElo "2161"]
[BlackElo "2354"]
[Result "1-0"]
[Round "10"]
[TimeControl "180+1"]
[Date "2022.11.09"]
[WhiteClock "0:00:38"]
[BlackClock "0:01:38"]

1. e4 e6 2. d4 d5 3. Nd2 Nf6 4. e5 Ne4 5. Ngf3 c5 6. c3 Nc6 7. Bb5 Qb6 8. Bxc6+ bxc6 9. O-O Ba6 10. Re1 Nxd2 11. Bxd2 cxd4 12. cxd4 c5 13. Bc3 Be7 14. dxc5 Bxc5 15. Bd4 O-O 16. Bxc5 Qxc5 17. Rc1 Qb6 18. b3 Rfc8 19. Qd4 Qa5 20. a4 h6 21. h4 Kh7 22. Qf4 Kg8 23. Rxc8+ Rxc8 24. Rc1 Rxc1+ 25. Qxc1 Qb4 26. Qc6 Bd3 27. Qe8+ Kh7 28. Qxf7 Bf5 29. Qxa7 Qxb3 30. Nd4 Qd1+ 31. Kh2 Qg4 32. Nf3 Be4 33. Qe3 Bxf3 34. Qxf3 Qxh4+ 35. Qh3 Qf4+ 36. Kg1 Qc1+ 37. Kh2 Qf4+ 38. Kg1 Qxe5 39. Qd3+ Kg8 40. Qb5 Qe1+ 41. Kh2 Qxf2 42. a5 Qh4+ 43. Kg1 d4 44. a6 Qe1+ 45. Kh2 Qe5+ 46. Qxe5 1-0


[Site "https://www.chess.com"]

[Event "Titled Tuesday Blitz November 08 Late 2022"]
[White "Makridis, Dimitrios"]
[Black "Howell, David W L"]
[WhiteFideId "25864475"]
[BlackFideId "410608"]
[WhiteElo "2272"]
[BlackElo "2567"]
[Result "0-1"]
[Round "10"]
[TimeControl "180+1"]
[Date "2022.11.08"]
[WhiteClock "0:00:10"]
[BlackClock "0:00:09"]

1. e4 c6 2. d4 d5 3. exd5 cxd5 4. Bd3 Nc6 5. c3 Qc7 6. h3 g6 7. Nf3 Bf5 8. O-O e6 9. Na3 a6 10. Nc2 Bd6 11. Re1 h6 12. Bxf5 gxf5 13. c4 Nf6 14. Ne3 Ne7 15. Ne5 dxc4 16. N3xc4 Ned5 17. Nxd6+ Qxd6 18. Bd2 Ne4 19. Rc1 Rd8 20. Ba5 b6 21. Rc6 Qb8 22. Rxe6+ fxe6 23. Qh5+ Ke7 24. Nc6+ Kf6 25. Nxb8 Rxb8 26. Bc3 Rbc8 27. Qh4+ Kf7 28. Qh5+ Kf6 29. Qe2 Rhg8 30. Kf1 Rxg2 31. Kxg2 Nf4+ 32. Kf3 Nxe2 33. Rxe2 Nxc3 34. Rc2 Rc4 35. bxc3 b5 36. Ke3 e5 37. dxe5+ Kxe5 38. Kd3 Rh4 39. Re2+ Kd5 40. Re3 Ra4 41. Rf3 Ke5 42. Re3+ Kf6 43. Re2 Rf4 44. Ke3 Rh4 45. Kd2 Rxh3 46. Re8 Rf3 47. Re2 h5 48. a4 bxa4 49. c4 a3 50. Kc2 a2 51. Kb2 Rc3 52. Re8 Rxc4 53. Rh8 Kg5 54. Rg8+ Kf4 55. Rg3 h4 56. Rh3 Kg4 57. Ra3 Rf4 58. Ka1 Rf3 59. Ra4+ Rf4 60. Rxa6 h3 61. Rg6+ Kf3 62. Rg3+ Kxf2 63. Rxh3 Re4 64. Rh2+ Kg3 65. Rh8 f4 66. Rg8+ Kf2 67. Rh8 f3 68. Rf8 Ke3 69. Rg8 f2 70. Rf8 Ke2 71. Re8 Rxe8 72. Kxa2 f1=Q 73. Kb2 Qd1 74. Ka2 Qd7 75. Kb2 Rc8 76. Ka2 Qb7 0-1


[Site "https://www.chess.com"]

[Event "Titled Tuesday Blitz November 08 Late 2022"]
[White "Martic, Ivan"]
[Black "Yuan, Qingyu"]
[WhiteFideId "929301"]
[BlackFideId "8609772"]
[WhiteElo "2355"]
[BlackElo "2359"]
[Result "0-1"]
[Round "10"]
[TimeControl "180+1"]
[Date "2022.11.09"]
[WhiteClock "0:00:13"]
[BlackClock "0:00:12"]

1. d4 d5 2. Bf4 Nf6 3. e3 e6 4. Bd3 Bd6 5. Bg3 O-O 6. c3 c5 7. Nd2 Qc7 8. Bxd6 Qxd6 9. f4 cxd4 10. cxd4 b6 11. Qe2 a5 12. Ngf3 Ba6 13. O-O Bxd3 14. Qxd3 Nc6 15. a3 Rfc8 16. Ne5 Ne7 17. Rac1 h6 18. h3 Nf5 19. g4 Ng3 20. Rfd1 Nge4 21. Nxe4 Nxe4 22. Rc2 f6 23. Nf3 g5 24. Nd2 Rxc2 25. Qxc2 f5 26. Nxe4 dxe4 27. gxf5 exf5 28. Qc4+ Kg7 29. Rf1 Kg6 30. Kg2 Rd8 31. h4 Qd5 32. Qc7 Qd6 33. h5+ Kf6 34. Qh7 gxf4 35. Rxf4 Qe6 36. Qxh6+ Ke7 37. Qg5+ Kd6 38. Qxf5 Rg8+ 39. Kf2 Qb3 40. Qe5+ Kc6 41. Qxe4+ Kb5 42. Qf5+ Ka6 43. h6 Qxb2+ 44. Kf3 Qg2# 0-1


[Site "https://www.chess.com"]

[Event "Titled Tuesday Blitz November 08 Late 2022"]
[White "Melkumyan, Hrant"]
[Black "Zakhartsov, Vladimir"]
[WhiteFideId "13302485"]
[BlackFideId "4145097"]
[WhiteElo "2604"]
[BlackElo "2525"]
[Result "1-0"]
[Round "10"]
[TimeControl "180+1"]
[Date "2022.11.08"]
[WhiteClock "0:00:39"]
[BlackClock "0:00:02"]

1. d4 Nf6 2. c4 e6 3. Bf4 c5 4. d5 Qb6 5. Nc3 Qxb2 6. Bd2 Qb6 7. e4 d6 8. Rb1 Qd8 9. f4 Be7 10. Nf3 O-O 11. e5 Ne8 12. Bd3 Nc7 13. Qe2 Nd7 14. O-O Nb6 15. Rbd1 f5 16. exf6 Bxf6 17. Ng5 h6 18. Nh7 Bd4+ 19. Kh1 Re8 20. Qh5 exd5 21. f5 Re5 22. f6 Be6 23. Qg6 Qd7 24. f7+ Bxf7 25. Nf6+ Kf8 26. Nxd7+ 1-0


[Site "https://www.chess.com"]

[Event "Titled Tuesday Blitz November 08 Late 2022"]
[White "Mendez Fortes, Eduardo Jesus"]
[Black "Tan, Ralph"]
[WhiteFideId "3502376"]
[BlackFideId "30966590"]
[WhiteElo "2307"]
[BlackElo "2059"]
[Result "1-0"]
[Round "10"]
[TimeControl "180+1"]
[Date "2022.11.09"]
[WhiteClock "0:00:30"]
[BlackClock "0:00:05"]

1. e4 e6 2. d4 d5 3. Nd2 Nf6 4. e5 Nfd7 5. Bd3 c5 6. c3 Nc6 7. Ne2 cxd4 8. cxd4 f6 9. exf6 Nxf6 10. O-O Bd6 11. Nf3 O-O 12. Bg5 Bd7 13. Re1 Qc7 14. Nc3 a6 15. Bh4 Rae8 16. Bg3 e5 17. dxe5 Nxe5 18. Nxe5 Bxe5 19. Bf1 Bxg3 20. hxg3 Bc6 21. Qd4 Qd7 22. Bd3 Qg4 23. Qxg4 Nxg4 24. Rxe8 Rxe8 25. Bf5 Ne5 26. Rd1 g6 27. Bc2 Rd8 28. Bb3 Kg7 29. f4 Ng4 30. Nxd5 Bxd5 31. Rxd5 Rxd5 32. Bxd5 b6 33. Be4 Kf6 34. Kf1 h6 35. Ke2 g5 36. Bf3 Nh2 37. Kf2 Kf5 38. fxg5 hxg5 39. Be2 a5 40. a4 Ng4+ 41. Bxg4+ Kxg4 42. b3 Kf5 43. Kf3 Kg6 44. g4 Kf6 45. Ke4 Ke6 46. g3 Kd6 47. Kf5 1-0


[Site "https://www.chess.com"]

[Event "Titled Tuesday Blitz November 08 Late 2022"]
[White "Mendonca, Mateus Nakajo"]
[Black "Ter-Sahakyan, Samvel"]
[WhiteFideId "2110954"]
[BlackFideId "13302531"]
[WhiteElo "2310"]
[BlackElo "2584"]
[Result "0-1"]
[Round "10"]
[TimeControl "180+1"]
[Date "2022.11.08"]
[WhiteClock "0:00:02"]
[BlackClock "0:00:25"]

1. Nf3 d5 2. d4 Nf6 3. c4 e6 4. g3 Bb4+ 5. Bd2 a5 6. Bg2 O-O 7. a3 Be7 8. Qc2 c6 9. O-O Nbd7 10. Bf4 b6 11. Nbd2 Ba6 12. Rfe1 Nh5 13. cxd5 Nxf4 14. gxf4 cxd5 15. e3 Qb8 16. Rac1 Rc8 17. Qb3 Qb7 18. f5 exf5 19. Ne5 Nxe5 20. dxe5 Rxc1 21. Rxc1 Rd8 22. Nf3 Bc5 23. Nd4 f4 24. Rd1 fxe3 25. Qxe3 Re8 26. Qg3 Bxd4 27. Rxd4 Qc7 28. Rd1 Qxe5 29. Bxd5 Qxb2 30. Qf3 Qf6 31. Qxf6 gxf6 32. Bf3 Kg7 33. Rd6 Re6 34. Rd7 Bc4 35. Rb7 b5 36. Ra7 a4 37. Kg2 Re1 38. Kg3 Ra1 39. Rb7 Rxa3 40. Kf4 Rb3 41. h4 a3 42. Ra7 a2 43. Bd1 Rb1 0-1


[Site "https://www.chess.com"]

[Event "Titled Tuesday Blitz November 08 Late 2022"]
[White "Moskvin, Anatoly"]
[Black "Preotu, Razvan"]
[WhiteFideId "24199990"]
[BlackFideId "2613280"]
[WhiteElo "2079"]
[BlackElo "2407"]
[Result "0-1"]
[Round "10"]
[TimeControl "180+1"]
[Date "2022.11.08"]
[WhiteClock "0:00:02"]
[BlackClock "0:00:31"]

1. e4 c5 2. Nf3 d6 3. d4 cxd4 4. Nxd4 Nf6 5. f3 e5 6. Bb5+ Nbd7 7. Ne2 d5 8. exd5 Bc5 9. Bxd7+ Bxd7 10. Nbc3 O-O 11. Bg5 Qb6 12. Bxf6 gxf6 13. Ne4 Be3 14. Qd3 Bh6 15. Qb3 Qa6 16. Nc5 Qa5+ 17. Qc3 Qxc3+ 18. Nxc3 Bf5 19. N5e4 Kg7 20. g4 Bg6 21. h4 f5 22. g5 fxe4 23. gxh6+ Kxh6 24. h5 Bf5 25. fxe4 Bg4 26. Kd2 f5 27. Rag1 Bf3 28. Rh3 fxe4 29. Ke3 Rac8 30. Rhg3 b5 31. Rg7 b4 32. Nxe4 Rxc2 33. Nd6 Bxd5 34. Kd3 Rxb2 35. Re7 Rf3# 0-1


[Site "https://www.chess.com"]

[Event "Titled Tuesday Blitz November 08 Late 2022"]
[White "Muhammad, Shahzeb"]
[Black "Mesa Cruz, Juan Carlos"]
[WhiteFideId "7804806"]
[BlackFideId "6423400"]
[WhiteElo "2368"]
[BlackElo "2059"]
[Result "1-0"]
[Round "10"]
[TimeControl "180+1"]
[Date "2022.11.09"]
[WhiteClock "0:00:58"]
[BlackClock "0:00:51"]

1. e4 c5 2. Nc3 Nc6 3. f4 e6 4. Nf3 Nge7 5. d4 cxd4 6. Nxd4 d6 7. Be3 Bd7 8. Qf3 Nxd4 9. Bxd4 Nc6 10. Be3 Rc8 11. Bb5 Qa5 12. O-O Be7 13. f5 Bf6 14. fxe6 fxe6 15. Qh5+ g6 16. Qh6 Bxc3 17. Bxc6 Bxc6 18. bxc3 Qxc3 19. Rad1 Qe5 20. Rd2 Rc7 21. Bd4 Qxe4 22. Bxh8 Rf7 23. Rdf2 Qe3 24. Qxe3 1-0


[Site "https://www.chess.com"]

[Event "Titled Tuesday Blitz November 08 Late 2022"]
[White "Musovic, Armin"]
[Black "Kanakaris, Georgios"]
[WhiteFideId "939935"]
[BlackFideId "4209460"]
[WhiteElo "2288"]
[BlackElo "2291"]
[Result "1-0"]
[Round "10"]
[TimeControl "180+1"]
[Date "2022.11.09"]
[WhiteClock "0:01:25"]
[BlackClock "0:00:01"]

1. e4 e6 2. d4 d5 3. Nd2 Be7 4. Ngf3 Nf6 5. e5 Nfd7 6. c3 c5 7. Nb3 Nc6 8. Be2 a5 9. a4 Qb6 10. O-O O-O 11. Kh1 cxd4 12. cxd4 f6 13. exf6 Nxf6 14. h3 Ne4 15. Be3 Bd7 16. Rc1 Be8 17. Nc5 Nxc5 18. dxc5 Qxb2 19. Rb1 Qf6 20. Rxb7 h6 21. Bb5 Nd8 22. Rc7 Nf7 23. Re1 Bd8 24. Bd4 Qf5 25. Rb7 Rc8 26. Ne5 Bc7 27. Bxe8 Rfxe8 28. Nxf7 Qxf7 29. Be5 Re7 30. Bxc7 Rexc7 31. Rxc7 Qxc7 32. Rxe6 Qxc5 33. Qg4 Qxf2 34. Kh2 Rf8 35. Rxh6 Qf4+ 36. Qxf4 Rxf4 37. Rd6 Rd4 38. Kg3 Kf7 39. h4 Ke7 40. Rg6 Kf7 41. Rd6 Ke7 42. Rg6 Rxa4 43. Rxg7+ Kf6 44. Ra7 Ra3+ 45. Kf4 Ra4+ 46. Kg3 d4 47. Kf4 d3+ 48. Ke3 Ra3 49. g4 a4 50. Ra6+ Ke5 51. Ra5+ Kf6 52. h5 d2+ 53. Kxd2 Rg3 54. Rxa4 Kg5 55. Ke2 Rg1 56. Kf2 Rb1 57. Re4 Rb2+ 58. Kf3 Rb1 59. Re5+ Kh6 60. Re6+ Kg5 61. Rg6+ Kh4 62. h6 1-0


[Site "https://www.chess.com"]

[Event "Titled Tuesday Blitz November 08 Late 2022"]
[White "Myers, Dominique"]
[Black "Salman, Pavel"]
[WhiteFideId "2041715"]
[BlackFideId "24153753"]
[WhiteElo "1986"]
[BlackElo "2187"]
[Result "0-1"]
[Round "10"]
[TimeControl "180+1"]
[Date "2022.11.09"]
[WhiteClock "0:02:08"]
[BlackClock "0:02:17"]

1. e4 d6 2. d4 Nf6 3. Nc3 g6 4. Be3 c6 5. f3 b5 6. Qd2 Qa5 7. Nge2 b4 8. Nd1 Ba6 9. g4 h5 10. g5 Nfd7 11. h4 Bg7 12. Bh3 Nb6 13. b3 N8d7 14. a3 c5 15. O-O Bxe2 16. Qxe2 cxd4 17. Bf2 d3 18. Qxd3 Bxa1 19. Bd4 Bxd4+ 20. Qxd4 Qc5 21. Qxc5 dxc5 22. Ne3 e6 23. axb4 cxb4 24. Ra1 Ke7 25. Kf2 Rhc8 26. Ke2 Rc3 27. Kd2 Ne5 28. Bg2 Rd8+ 29. Ke2 Rd7 30. Bf1 Nc6 31. Kf2 Rd2+ 32. Kg3 Rxe3 0-1


[Site "https://www.chess.com"]